AoeStats
← b站江条

Arabia

510295797Analyzed
1v1 RM · 18h ago on Sep 30, 2026· 38m 25s· 2 players
Game mode
Random Map
Map size
Tiny (2 player)
Population
200
Speed
Normal
Resources
Standard
Victory
Conquest
Starting age
Dark Age
Ending age
Imperial Age
RankedLock teamsTeams togetherTeam positionsShared explorationLock speedFull tech treeHidden civsTurbo modeCheats
Victory
Defeat
🇨🇳 Maya · China
1327
+16
🇦🇺 Magyars · Australia
1325
-16
Civ_Picker
7:37 Loom
10:20 Feudal Age
11:22 Double-Bit Axe
11:24 Horse Collar
20:37 Castle Age
20:27 Bloodlines
21:03 Scale Barding Armor
20:39 Light Cavalry
25:14 Chain Barding Armor
27:19 Gold Mining
30:06 Bow Saw
30:21 Heavy Plow
35:21 Husbandry
38:24 Wheelbarrow
41:03 Imperial Age
b站江条
0:26 Loom
9:01 Feudal Age
11:06 Double-Bit Axe
20:56 Castle Age
19:39 Fletching
19:39 Horse Collar
20:46 Gold Mining
21:39 Bodkin Arrow
21:22 Crossbowman
22:29 Padded Archer Armor
24:27 Leather Archer Armor
28:08 Wheelbarrow
30:02 Bow Saw
32:38 Ballistics
35:51 Imperial Age
33:25 Heavy Plow
33:38 Stone Mining
33:56 Thumb Ring
34:38 Hand Cart
36:47 Town Watch
38:15 Chemistry
37:19 Bracer
36:40 Arbalester
37:45 Guilds
38:11 Town Patrol
39:16 Two-Man Saw
38:49 Crop Rotation
38:51 Conscription
Connection lost

Rejoining the realm…

Still unreachable

The connection could not be restored.

Session expired

The server has moved on; the page needs a fresh start.